 Dungeon Crawl Stone Soup version 0.31-a0-1388-g4b2ba238e7 (webtiles) character file.

Game seed: 9867762198432995182

51 Loonster the Ruffian (level 3, -2/28 HPs)
             Began as a Draconian Shapeshifter on Dec 24, 2023.
             Slain by a gnoll
             ... wielding a +0 whip
              (7 damage)
             ... on level 2 of the Dungeon.
             The game lasted 00:01:44 (751 turns).

Loonster the Ruffian (Draconian Shapeshifter)        Turns: 751, Time: 00:01:45

Health: -2/28      AC:  5    Str: 18    XL:     3   Next: 58%
Magic:  3/3        EV: 12    Int: 10    God:
Gold:   47         SH:  0    Dex: 10    Spells: 2/2 levels left

rFire   . .          .
                       - Unarmed
rCold   . . .        (no shield)
rNeg    . . .        (body armour unavailable)
rPois   .            (helmet currently unavailable)
rElec   .            (cloak currently unavailable)
rCorr   .            (gloves currently unavailable)
SInv    .            (boots currently unavailable)
Will    .....        (no amulet)
Stlth   +            (no ring)
HPRegen 0.24/turn    (no ring)
MPRegen 0.08/turn

%: no passive effects
@: beast-form
A: beast (slay +2), AC +5, unfitting armour, cold-blooded
a: Begin Untransformation


You were on level 2 of the Dungeon.
You were a hulking beast.
You visited 1 branch of the dungeon, and saw 2 of its levels.

You collected 47 gold pieces.

Inventory:

Missiles
 m - 6 curare-tipped darts
Armour
 h - a +0 helmet
Talismans
 b - a beast talisman
 c - a flux talisman
Scrolls
 d - 2 scrolls of identify {unknown}
 i - a scroll of fear {unknown}
 k - a scroll of acquirement {unknown}
 n - a scroll of enchant weapon {unknown}
 o - a scroll of amnesia {unknown}
 p - a scroll of fog {unknown}
Potions
 a - a potion of lignification
 e - a potion of invisibility {unknown}
 f - a potion of ambrosia {unknown}
 g - 3 potions of curing {unknown}
 j - a potion of attraction {unknown}
 l - a potion of haste {unknown}


   Skills:
 - Level 1.1 Fighting
 - Level 1.7 Dodging
 + Level 4.2 Unarmed Combat
 - Level 3.5 Shapeshifting


You had 2 spell levels left.
You didn't know any spells.
Your spell library contained the following spells:

 Spells                   Type           Power      Damage    Failure   Level
 Lesser Beckoning         Tloc           0%         N/A       50%         2
 Gell's Gravitas          Tloc           0%         N/A       75%         3
 Teleport Other           Tloc           0%         N/A       75%         3


Dungeon Overview and Level Annotations

Branches:
Dungeon (2/15)

Altars:

Shops:
D:1 (


Innate Abilities, Weirdness & Mutations

You are a hulking beast.
Your limbs bulge with bestial killing power. (Slay +2)
Your plain brown scales are hard. (AC +5)
You cannot fit into any form of body armour.
You are cold-blooded and may be slowed by cold attacks.


Message History

The kobold hits you but does no damage.
A gnoll comes into view. It is wielding a +0 flail.
The giant cockroach misses you.
The giant cockroach attacks as it pursues you!
The giant cockroach closely misses you. The kobold hits you but does no damage.
The giant cockroach attacks as it pursues you!
The giant cockroach bites you but does no damage. x2
The giant cockroach attacks as it pursues you!
The giant cockroach bites you.
The giant cockroach attacks as it pursues you!
The giant cockroach barely misses you.
There is a stone staircase leading up here.
The giant cockroach attacks as it pursues you!
The giant cockroach bites you but does no damage. x2
You hit the giant cockroach.
You kill the giant cockroach!
The kobold hits you but does no damage.
You see here a giant cockroach corpse.
You hit the kobold.
The kobold is severely wounded.
The kobold hits you but does no damage.
You hit the kobold.
You kill the kobold!
The gnoll hits you from afar with a +0 spear.
You closely miss the gnoll. The gnoll completely misses you.
The gnoll hits you from afar with a +0 spear!
You hit the gnoll.
Your tail-slap misses the gnoll.
The gnoll is moderately wounded.
The gnoll hits you with a +0 whip. The gnoll closely misses you.
You punch the gnoll!
The gnoll is almost dead.
The gnoll hits you with a +0 whip.
The gnoll hits you from afar with a +0 spear!
* * * LOW HITPOINT WARNING * * *
The gnoll attacks as it pursues you! The gnoll misses you.
You see here a +0 dagger.
There is a stone staircase leading up here.
The gnoll barely misses you. The gnoll hits you with a +0 whip!
You die...

# ...###..####.......#
.### #...#
##.).....#.# .
##...###..........#
###....##...........#
#.<....#...########..
#g##...#...# .
#†##.....#†#
##g#..Kg###†#
..###..#g.gh# #.#
#.....g..####.........
............#
#......###
#...................##
#.#.........##.....##
. #....)............
.............#......
.#..........#########
#...........


You could see 4 gnolls and a kobold.

Vanquished Creatures
  An adder (D:2)
  A dart slug (D:1)
  2 ball pythons
  3 bats (D:1)
  4 endoplasms
  2 giant cockroaches (D:2)
  2 goblins
  3 hobgoblins (D:1)
  4 jackals (D:2)
  5 kobolds
  A quokka (D:1)
  2 frilled lizards (D:1)
  3 rats
33 creatures vanquished.

Notes
Turn   | Place    | Note
-------+----------+-------------------------------------------
     0 | D:1      | Loonster the Draconian Shapeshifter began the quest for the
                  | Orb.
     0 | D:1      | Reached XP level 1. HP: 16/16 MP: 1/1
    45 | D:1      | Found Tanelang's Antique Weapon Boutique.
   155 | D:1      | Reached XP level 2. HP: 17/23 MP: 2/2
   679 | D:2      | Reached XP level 3. HP: 23/28 MP: 3/3
   694 | D:2      | Reached skill level 4 in Unarmed Combat
   751 | D:2      | Slain by a gnoll

Illustrated notes

Levels and vault maps discovered:
D:1:      amcnicky_arrival_flooded_fountain, layout_basic, serial_shops,
          nicolae_shop_tiny_glass, minmay_pentomino_o4
D:2:      layout_rooms, nicolae_half_adder

Skill      XL: |  1  2  3 |
---------------+----------+-----
Unarmed Combat | 4 |  4.2
Fighting       | |  1.1
Dodging        | |  1.7
Shapeshifting  | |  3.5

Action                     || total
---------------------------++-------
  Melee: Unarmed           ||    89
         Tailslap          ||     8
         Punch             ||     2
   Stab: Sleeping          ||     1
 Armour: Skin              ||    66
  Dodge: Dodged            ||    85

Table legend: (Time is in decaauts)
 A = Elapsed time spent in this place.
 B = Non-inter-level travel time spent in this place.
 C = Inter-level travel time spent in this place.
 D = Time resting spent in this place.
 E = Time spent auto-exploring this place.
 F = Levels seen in this place.
 G = Mean time per level.
                   A        B        C        D        E       F      G
               +--------+--------+--------+--------+--------+-----+--------+
         Total |    746 |    713 |     33 |      0 |    497 |   2 |  373.0 |
       Dungeon |    746 |    713 |     33 |      0 |    497 |   2 |  373.0 |
               +--------+--------+--------+--------+--------+-----+--------+

Top non-repeatable levels by time:
     D:1: 646 daAuts
     D:2: 99 daAuts
